 Dungeon Crawl Stone Soup version 0.31.0-11-ge490571c62 (webtiles) character file.

Game seed: 11739731529449189088

28 Peloso the Covered (level 2, -2/27 HPs)
             Began as a Minotaur Fighter on Feb 9, 2024.
             Succumbed to a hobgoblin's poison
             ... on level 2 of the Dungeon.
             The game lasted 00:01:08 (1010 turns).

Peloso the Covered (Minotaur Fighter)               Turns: 1010, Time: 00:01:08

Health: -2/27      AC:  7    Str: 20    XL:     2   Next: 96%
Magic:  1/1        EV:  9    Int:  5    God:
Gold:   57         SH:  4    Dex:  9    Spells: 1/1 levels left

rFire   . . .        a - +0 long sword
rCold   . . .        c - +0 buckler
rNeg    . . .        b - +0 scale mail
rPois   .            (helmet restricted)
rElec   .            (no cloak)
rCorr   .            (no gloves)
SInv    .            (no boots)
Will    .....        (no amulet) Stlth
                     (no ring)
HPRegen 0.24/turn    (no ring)
MPRegen 0.07/turn

%: no passive effects
@: lethally poisoned (-2 -> -14)
A: horns 2, retaliatory headbutt
a: no special abilities


You were on level 2 of the Dungeon.
You visited 1 branch of the dungeon, and saw 2 of its levels.

You collected 57 gold pieces.

Inventory:

Hand Weapons
 a - a +0 long sword (weapon)
Armour
 b - a +0 scale mail (worn)
 c - a +0 buckler (worn)
Scrolls
 e - a scroll of enchant armour {unknown}
 f - a scroll of immolation {unknown}
 g - a scroll of teleportation
 h - 2 scrolls of identify {unknown}
 i - 2 scrolls of poison {unknown}
 k - 2 scrolls of blinking {unknown}
Potions
 d - a potion of might


   Skills:
 + Level 4.0 Fighting
 + Level 2.8 Long Blades
 + Level 4.2 Armour
 + Level 4.0 Shields


You had one spell level left.
You didn't know any spells.
Your spell library was empty.

Dungeon Overview and Level Annotations

Branches:
Dungeon (2/15)

Altars:


Innate Abilities, Weirdness & Mutations

You have a pair of horns on your head.
You reflexively headbutt those who attack you in melee.


Message History

Found a leather armour.
A bat comes into view.
You see here a +0 leather armour.
A bat is nearby!
A bat is nearby!
A bat is nearby!
The bat hits you but does no damage. The bat hits you but does no damage.
Found a scale mail.
The bat barely misses you. The bat hits you but does no damage.
You barely miss the bat. Your headbutt misses the bat.
The bat closely misses you. The bat hits you but does no damage.
You slash the bat!
You kill the bat!
You see here a bat corpse.
k - 2 scrolls labelled TELAYR ZIVAMI (gained 1)
A hobgoblin comes into view.
It is wielding the +5 mace of the Smoking Spider {venom, rN+ Int+3 Dex-2}.
The hobgoblin shouts!
The hobgoblin moves out of view.
A hobgoblin is nearby!
The hobgoblin hits you with the +5 mace of the Smoking Spider {venom, rN+ Int+3 Dex-2}!
You are poisoned.
You barely miss the hobgoblin.
You feel very sick. You block the hobgoblin's attack.
You hit the hobgoblin but do no damage.
You headbutt the hobgoblin, but do no damage.
You feel sick.
The hobgoblin hits you with the +5 mace of the Smoking Spider {venom, rN+ Int+3 Dex-2}.
* * * LOW HITPOINT WARNING * * *
You are more poisoned.
Okay, then.
You hit the hobgoblin. You headbutt the hobgoblin.
You kill the hobgoblin!
* * * LOW HITPOINT WARNING * * *
You feel very sick.
Your Fighting skill increases to level 4!
Unknown command.
Okay, then.
You die...

##..#
###...
##..#
##....#
##..##
#.#....##
#...#
#........
#.#.##
##...###.
#.#..#
#..# ##
#.##.#
#.. #
##.##.#
#... #
#@.##.#
#.# #
#...###.#
.. ##..#
#.# #.##
#.# ..
#.. ##.
## ..


There were no monsters in sight!

Vanquished Creatures
  3 dart slugs
  3 endoplasms
  2 giant cockroaches
  A hobgoblin (D:2)
  2 ball pythons (D:1)
  3 bats
  A frilled lizard (D:1)
  4 kobolds
  3 rats (D:1)
22 creatures vanquished.

Notes
Turn   | Place    | Note
-------+----------+-------------------------------------------
     0 | D:1      | Peloso the Minotaur Fighter began the quest for the Orb.
     0 | D:1      | Reached XP level 1. HP: 19/19 MP: 0/0
   131 | D:1      | Reached XP level 2. HP: 27/27 MP: 1/1
  1003 | D:2      | Identified the +5 mace of the Smoking Spider {venom, rN+
                  | Int+3 Dex-2}
  1009 | D:2      | HP: 1/27 [poisoned by a hobgoblin]
  1010 | D:2      | Succumbed to a hobgoblin's poison

Illustrated notes

Levels and vault maps discovered:
D:1:      lemuel_arrival_broad_hall, layout_basic, corexii_corridor_pit
D:2:      layout_rooms

Skill      XL: |  1  2 |
---------------+-------+-----
Armour         | 4 |  4.2
Shields        | 4 |  4.0
Fighting       | 4 |  4.0
Long Blades    | |  2.8

Action                     || total
---------------------------++-------
  Melee: Long sword        ||    52
         Headbutt          ||    10
    Use: Scroll            ||     1
         Potion            ||     1
 Armour: Scale mail        ||    41
  Dodge: Dodged            ||    21
  Block: Buckler           ||    20
